NCAA
BOSTON COLLEGE EAGLES @ COLORADO BUFFALOES
04/14/2023
 
TOP OF THE 1ST
Boston College Eagles batting - Pitching for Colorado Buffaloes : RHP Germán Hernández
Pitching: RHP Germán Hernández
Batting: RHB Lorenzo Mota 0-0: Ball
1-0: Fly out, F7 (Flyball, 78M)
Batting: RHB David Davidson 0-0: Ball
1-0: Called Strike
1-1: Swinging Strike
1-2: Strikes out swinging
Batting: RHB Manny Ramírez 0-0: Ball
1-0: Swinging Strike
1-1: Foul Ball, location: 2F
1-2: Strikes out swinging
Top of the 1st over - 0 run(s), 0 hit(s), 0 error(s), 0 left on base; Boston College 0 - Colorado 0
BOTTOM OF THE 1ST
Colorado Buffaloes batting - Pitching for Boston College Eagles : LHP Desi Wells
Pitching: LHP Desi Wells
Batting: RHB Rob Groves 0-0: Ball
1-0: Called Strike
1-1: SOLO HOME RUN (Flyball, 7D), Distance : 348 ft
Batting: LHB Jack Caldwell 0-0: Called Strike
0-1: Swinging Strike
0-2: Strikes out swinging
Batting: LHB Miguel Sánchez 0-0: Ball
1-0: Ball
2-0: Called Strike
2-1: Ball
3-1: Base on Balls
Batting: RHB Pedro Romero 0-0: Swinging Strike
0-1: Swinging Strike
0-2: Ball
1-2: Ball
Miguel Sánchez steals 2nd base
2-2: Ground out 5-3 (Groundball, 56)
Batting: RHB Esteban Lara 0-0: Ball
1-0: Swinging Strike
1-1: Foul Ball, location: 2F
1-2: Ball
2-2: Ball
3-2: Base on Balls
Batting: LHB Craig Kenney 0-0: Fly out, F8 (Flyball, 8LM)
Bottom of the 1st over - 1 run(s), 1 hit(s), 0 error(s), 2 left on base; Boston College 0 - Colorado 1
TOP OF THE 2ND
Boston College Eagles batting - Pitching for Colorado Buffaloes : RHP Germán Hernández
Batting: LHB Dave Cook 0-0: Called Strike
0-1: SINGLE (Flyball, 78S)
Batting: RHB Vernon Sterling 0-0: Foul Ball, location: 2F
0-1: Swinging Strike
0-2: Ball
1-2: Grounds into double play, 6-4-3 (Groundball, 6)
Batting: RHB Mike Martin 0-0: SINGLE (Groundball, 6)
Batting: RHB Kane Cooper 0-0: DOUBLE (Flyball, 9LS)
Mike Martin to third
Runner from 3rd tries for Home, SAFE, no throw or cutoff
Batting: RHB Ambrose Brown 0-0: Ground out 5-3 (Groundball, 56)
Top of the 2nd over - 1 run(s), 3 hit(s), 0 error(s), 1 left on base; Boston College 1 - Colorado 1
BOTTOM OF THE 2ND
Colorado Buffaloes batting - Pitching for Boston College Eagles : LHP Desi Wells
Batting: LHB Sixto Cortés 0-0: Ball
1-0: Ball
2-0: Ball
3-0: Base on Balls
Batting: RHB Ramón Chávez 0-0: Swinging Strike
0-1: Ball
1-1: Foul Ball, location: 2F
1-2: Ball
2-2: Strikes out swinging
Batting: RHB Desi Parkinson 0-0: Called Strike
0-1: Swinging Strike
0-2: Ball
1-2: Strikes out looking
Batting: RHB Rob Groves 0-0: Ball
1-0: Called Strike
1-1: Swinging Strike
1-2: Fly out, F8 (Flyball, 8RM)
Bottom of the 2nd over - 0 run(s), 0 hit(s), 0 error(s), 1 left on base; Boston College 1 - Colorado 1
TOP OF THE 3RD
Boston College Eagles batting - Pitching for Colorado Buffaloes : RHP Germán Hernández
Batting: RHB Pepe Chávez 0-0: Called Strike
0-1: Ball
1-1: Ball
2-1: Bunt for hit - play at first, batter safe!
Batting: RHB Lorenzo Mota 0-0: Swinging Strike
0-1: Ball
1-1: Ball
2-1: Foul Ball, location: 2F
2-2: Ball
3-2: Fly out, F4 (Popup, 3D)
Batting: RHB David Davidson 0-0: Fly out, F9 (Flyball, 89M)
Batting: RHB Manny Ramírez 0-0: Ball
1-0: Fly out, F5 (Line Drive, 5)
Top of the 3rd over - 0 run(s), 1 hit(s), 0 error(s), 1 left on base; Boston College 1 - Colorado 1
BOTTOM OF THE 3RD
Colorado Buffaloes batting - Pitching for Boston College Eagles : LHP Desi Wells
Batting: LHB Jack Caldwell 0-0: Ball
1-0: Ball
2-0: Ball
3-0: Called Strike
3-1: Base on Balls
Batting: LHB Miguel Sánchez 0-0: Ball
1-0: Grounds into double play, 6-4-3 (Groundball, 6M)
Batting: RHB Pedro Romero 0-0: DOUBLE (Line Drive, 7LM)
Batting: RHB Esteban Lara 0-0: Ball
1-0: Ball
2-0: Called Strike
2-1: Ball
3-1: Called Strike
3-2: 2-RUN HOME RUN (Line Drive, 78XD), Distance : 388 ft
Batting: LHB Craig Kenney 0-0: Foul Ball, location: 2F
0-1: Foul Ball, location: 2F
0-2: Ball
1-2: Foul Ball, location: 2F
1-2: Strikes out swinging
Bottom of the 3rd over - 2 run(s), 2 hit(s), 0 error(s), 0 left on base; Boston College 1 - Colorado 3
TOP OF THE 4TH
Boston College Eagles batting - Pitching for Colorado Buffaloes : RHP Germán Hernández
Batting: LHB Dave Cook 0-0: Ball
1-0: Foul Ball, location: 2F
1-1: Foul Ball, location: 2F
1-2: Ground out 1-3 (Groundball, 15S)
Batting: RHB Vernon Sterling 0-0: Called Strike
0-1: Ball
1-1: Fly out, F8 (Flyball, 8RM)
Batting: RHB Mike Martin 0-0: Ball
1-0: Foul Ball, location: 2F
1-1: Ball
2-1: Foul Ball, location: 2F
2-2: Ground out 6-3 (Groundball, 6)
Top of the 4th over - 0 run(s), 0 hit(s), 0 error(s), 0 left on base; Boston College 1 - Colorado 3
BOTTOM OF THE 4TH
Colorado Buffaloes batting - Pitching for Boston College Eagles : LHP Desi Wells
Batting: LHB Sixto Cortés 0-0: Swinging Strike
0-1: Foul Ball, location: 2F
0-2: Ball
1-2: Foul Ball, location: 2F
1-2: Ground out U3 (Groundball, 3L)
Batting: RHB Ramón Chávez 0-0: Ball
1-0: Ball
2-0: Foul Ball, location: 2F
2-1: Ball
3-1: Called Strike
3-2: Ground out 4-3 (Groundball, 4)
Batting: RHB Desi Parkinson 0-0: Foul Ball, location: 2F
0-1: Fly out, F7 (Flyball, 78S)
Bottom of the 4th over - 0 run(s), 0 hit(s), 0 error(s), 0 left on base; Boston College 1 - Colorado 3
TOP OF THE 5TH
Boston College Eagles batting - Pitching for Colorado Buffaloes : RHP Germán Hernández
Batting: RHB Kane Cooper 0-0: Foul Ball, location: 2F
0-1: Bunted foul
0-2: Ball
1-2: Foul Ball, location: 2F
1-2: Ball
2-2: Strikes out swinging
Batting: RHB Ambrose Brown 0-0: Ball
1-0: Called Strike
1-1: Ball
2-1: Foul Ball, location: 2F
2-2: Ball
3-2: Foul Ball, location: 2F
3-2: Reached on error, E1 (Groundball, 13S)
Batting: RHB Pepe Chávez 0-0: Ball
1-0: Ball
2-0: Called Strike
2-1: Fly out, F8 (Flyball, 89M)
Batting: RHB Lorenzo Mota 0-0: Ball
1-0: Called Strike
1-1: SINGLE (Groundball, 6MD)
Ambrose Brown to second
Batting: RHB David Davidson 0-0: Called Strike
0-1: Ball
1-1: DOUBLE (Flyball, 78XD)
Ambrose Brown scores
Lorenzo Mota to third
Batting: RHB Manny Ramírez 0-0: Ball
1-0: SINGLE (Flyball, 8RS)
Lorenzo Mota scores
David Davidson to third
Runner from 3rd tries for Home, SAFE, no throw or cutoff
Batting: LHB Dave Cook 0-0: Ball
1-0: Called Strike
Manny Ramírez steals 2nd base
1-1: 2-RUN HOME RUN (Flyball, 9D), Distance : 361 ft
Batting: RHB Vernon Sterling 0-0: Foul Ball, location: 2F
0-1: Hit by Pitch
Batting: RHB Mike Martin 0-0: Ball
1-0: Ball
2-0: Foul Ball, location: 2F
2-1: Ground out 1-3 (Groundball, 13S)
Top of the 5th over - 5 run(s), 4 hit(s), 1 error(s), 1 left on base; Boston College 6 - Colorado 3
BOTTOM OF THE 5TH
Colorado Buffaloes batting - Pitching for Boston College Eagles : LHP Desi Wells
Batting: RHB Rob Groves 0-0: Called Strike
0-1: Swinging Strike
0-2: Ball
1-2: Ball
2-2: Strikes out swinging
Batting: LHB Jack Caldwell 0-0: Ball
1-0: Ball
2-0: Ball
3-0: Base on Balls
Pitching: RHP Willie Richardson
Batting: LHB Miguel Sánchez 0-0: Foul Ball, location: 2F
0-1: Swinging Strike
0-2: Strikes out swinging
Batting: RHB Pedro Romero 0-0: Foul Ball, location: 2F
0-1: Foul Ball, location: 2F
0-2: SINGLE (Line Drive, 6D)
Jack Caldwell to second
Batting: RHB Esteban Lara 0-0: Ball
1-0: Ball
2-0: Ball
3-0: Base on Balls
Jack Caldwell to third
Pedro Romero to second
Batting: LHB Craig Kenney 0-0: Ball
1-0: Ball
2-0: Ball
3-0: Called Strike
3-1: Base on Balls
Jack Caldwell scores
Pedro Romero to third
Esteban Lara to second
Batting: LHB Sixto Cortés 0-0: Called Strike
0-1: Foul Ball, location: 2F
0-2: Strikes out swinging
Bottom of the 5th over - 1 run(s), 1 hit(s), 0 error(s), 3 left on base; Boston College 6 - Colorado 4
TOP OF THE 6TH
Boston College Eagles batting - Pitching for Colorado Buffaloes : RHP Germán Hernández
Batting: RHB Kane Cooper 0-0: Ball
1-0: Called Strike
1-1: Foul Ball, location: 2F
1-2: Strikes out swinging
Pitching: RHP Ken Thomas
Batting: RHB Ambrose Brown 0-0: Fly out, F2 (Popup, 3SF)
Batting: RHB Pepe Chávez 0-0: Called Strike
0-1: Foul Ball, location: 2F
0-2: Ball
1-2: Ball
2-2: Foul Ball, location: 2F
2-2: Ball
3-2: Base on Balls
Batting: RHB Lorenzo Mota 0-0: Foul Ball, location: 2F
0-1: Ball
1-1: Ball
2-1: Fly out, F8 (Flyball, 8LD)
Top of the 6th over - 0 run(s), 0 hit(s), 0 error(s), 1 left on base; Boston College 6 - Colorado 4
BOTTOM OF THE 6TH
Colorado Buffaloes batting - Pitching for Boston College Eagles : RHP Willie Richardson
Batting: RHB Ramón Chávez 0-0: Ball
1-0: SOLO HOME RUN (Flyball, 78XD), Distance : 369 ft
Batting: RHB Desi Parkinson 0-0: Ball
1-0: Ball
2-0: Ball
3-0: Base on Balls
Batting: RHB Rob Groves 0-0: Called Strike
0-1: Foul Ball, location: 2F
0-2: Ball
1-2: Ball
2-2: Foul Ball, location: 2F
2-2: Strikes out swinging
Batting: LHB Jack Caldwell 0-0: Ball
1-0: Called Strike
1-1: Ball
2-1: Fly out, F8 (Flyball, 89D)
Pitching: RHP Ron McDonald
Batting: LHB Miguel Sánchez 0-0: Called Strike
0-1: Swinging Strike
0-2: Strikes out swinging
Bottom of the 6th over - 1 run(s), 1 hit(s), 0 error(s), 1 left on base; Boston College 6 - Colorado 5
TOP OF THE 7TH
Boston College Eagles batting - Pitching for Colorado Buffaloes : RHP Ken Thomas
Batting: RHB David Davidson 0-0: Foul Ball, location: 2F
0-1: Called Strike
0-2: Strikes out looking
Batting: RHB Manny Ramírez 0-0: Swinging Strike
0-1: Ground out 6-3 (Groundball, 6M)
Batting: LHB Dave Cook 0-0: Called Strike
0-1: Foul Ball, location: 2F
0-2: Ball
1-2: Strikes out swinging
Top of the 7th over - 0 run(s), 0 hit(s), 0 error(s), 0 left on base; Boston College 6 - Colorado 5
BOTTOM OF THE 7TH
Colorado Buffaloes batting - Pitching for Boston College Eagles : RHP Ron McDonald
Batting: RHB Pedro Romero 0-0: Foul Ball, location: 2F
0-1: Foul Ball, location: 2F
0-2: Strikes out swinging
Batting: RHB Esteban Lara 0-0: Ball
1-0: Foul Ball, location: 2F
1-1: Ball
2-1: Called Strike
2-2: Fly out, F7 (Line Drive, 7S)
Batting: LHB Craig Kenney 0-0: Ball
1-0: Ball
2-0: Ball
3-0: Called Strike
3-1: Fly out, F7 (Flyball, 7M)
Bottom of the 7th over - 0 run(s), 0 hit(s), 0 error(s), 0 left on base; Boston College 6 - Colorado 5
TOP OF THE 8TH
Boston College Eagles batting - Pitching for Colorado Buffaloes : RHP Ken Thomas
Batting: RHB Vernon Sterling 0-0: Foul Ball, location: 2F
0-1: Ball
1-1: Foul Ball, location: 2F
1-2: SOLO HOME RUN (Flyball, 89XD), Distance : 385 ft
Batting: RHB Mike Martin 0-0: Called Strike
0-1: Ball
1-1: Swinging Strike
1-2: Strikes out swinging
Pitching: RHP James Bowen
Batting: RHB Kane Cooper 0-0: Called Strike
0-1: Ball
1-1: Ball
2-1: Swinging Strike
2-2: Strikes out swinging
Batting: RHB Ambrose Brown 0-0: Ball
1-0: Reached on error, E5 (Groundball, 5S)
Batting: RHB Pepe Chávez 0-0: SINGLE (Line Drive, 34D)
Ambrose Brown to second
Runner from 2nd tries for 3rd, SAFE, throw made to third
Batting: RHB Lorenzo Mota 0-0: Foul Ball, location: 2F
0-1: Ball
1-1: Ball
2-1: Foul Ball, location: 2F
2-2: Fly out, F9 (Line Drive, 89S)
Top of the 8th over - 1 run(s), 2 hit(s), 1 error(s), 2 left on base; Boston College 7 - Colorado 5
BOTTOM OF THE 8TH
Colorado Buffaloes batting - Pitching for Boston College Eagles : RHP Ron McDonald
Now in RF: Bobby Porter
Batting: LHB Sixto Cortés 0-0: SINGLE (Groundball, 34S)
Pitching: LHP Armando Munguís
Batting: RHB Ramón Chávez 0-0: Ball
1-0: Called Strike
1-1: Ball
2-1: Foul Ball, location: 2F
2-2: Ball
3-2: Strikes out swinging
Batting: RHB Desi Parkinson 0-0: Ball
1-0: SINGLE (Groundball, 56)
Sixto Cortés to second
Pinch Hitting: RHB Ed Moore 0-0: Called Strike
0-1: Swinging Strike
0-2: Ball
1-2: Ball
2-2: Strikes out looking
Batting: LHB Jack Caldwell 0-0: Ball
1-0: Called Strike
1-1: Ball
2-1: Ball
3-1: Fly out, F8 (Line Drive, 8LS)
Bottom of the 8th over - 0 run(s), 2 hit(s), 0 error(s), 2 left on base; Boston College 7 - Colorado 5
TOP OF THE 9TH
Boston College Eagles batting - Pitching for Colorado Buffaloes : RHP James Bowen
Now in LF: Paul Meyer
Batting: RHB David Davidson 0-0: Ball
1-0: Foul Ball, location: 2F
1-1: Ball
2-1: Swinging Strike
2-2: Ball
3-2: Strikes out swinging
Batting: RHB Manny Ramírez 0-0: Called Strike
0-1: Foul Ball, location: 2F
0-2: Ball
1-2: Strikes out swinging
Batting: LHB Dave Cook 0-0: SINGLE (Line Drive, 7S)
Batting: RHB Vernon Sterling 0-0: Foul Ball, location: 2F
0-1: Called Strike
0-2: Ball
1-2: Fly out, F2 (Popup, 2R)
Top of the 9th over - 0 run(s), 1 hit(s), 0 error(s), 1 left on base; Boston College 7 - Colorado 5
BOTTOM OF THE 9TH
Colorado Buffaloes batting - Pitching for Boston College Eagles : LHP Armando Munguís
Pitching: LHP Mario González
Batting: LHB Miguel Sánchez 0-0: Called Strike
0-1: Ball
1-1: Fly out, F5 (Popup, 5F)
Batting: RHB Pedro Romero 0-0: Foul Ball, location: 2F
0-1: Ball
1-1: Ball
2-1: Ball
3-1: Base on Balls
Batting: RHB Esteban Lara 0-0: Ball
1-0: Called Strike
1-1: Ball
2-1: Swinging Strike
2-2: Ball
3-2: Fly out, F8 (Line Drive, 8LM)
Batting: LHB Craig Kenney 0-0: Fly out, F6 (Popup, 6MD)
Bottom of the 9th over - 0 run(s), 0 hit(s), 0 error(s), 1 left on base; Boston College 7 - Colorado 5
This league is powered by Out of the Park Baseball, the baseball management simulation game for PC, Mac and Linux
Wednesday, December 2nd, 2015 - OOTP Baseball 16.8 Build 38